 Dungeon Crawl Stone Soup version 0.30.0-5-g1a98f26d00 (webtiles) character file.

Game seed: 2242038019484815998

46 qeuew the Covered (level 3, -2/33 HPs)
             Began as a Minotaur Fighter on May 11, 2023.
             Killed from afar by Sigmund (5 damage)
             ... with a magic dart
             ... on level 2 of the Dungeon.
             The game lasted 00:00:57 (901 turns).

qeuew the Covered (Minotaur Fighter)                 Turns: 901, Time: 00:00:58

Health: -2/33      AC:  7    Str: 20    XL:     3   Next: 44%
Magic:  2/2        EV:  9    Int:  5    God:
Gold:   43         SH:  5    Dex: 11    Spells: 2/2 levels left

rFire   . . .        a - +1 war axe
rCold   . . .        c - +1 buckler
rNeg    . . .        b - +0 scale mail
rPois   .            (helmet restricted)
rElec   .            (no cloak)
rCorr   .            (no gloves)
SInv    .            (no boots)
Will    +....        (no amulet) Stlth
                     j - ring of willpower
HPRegen 0.25/turn    (no ring)
MPRegen 0.08/turn

%: no passive effects
@: no status effects
A: horns 2, retaliatory headbutt
a: no special abilities


You were on level 2 of the Dungeon.
You visited 1 branch of the dungeon, and saw 2 of its levels.

You collected 43 gold pieces.

Inventory:

Hand Weapons
 a - a +1 war axe (weapon)
Armour
 b - a +0 scale mail (worn)
 c - a +1 buckler (worn)
Jewellery
 j - a ring of willpower (left hand)
Scrolls
 e - a scroll of amnesia {unknown}
 f - a scroll of fear
 g - a scroll of identify {unknown}
 m - 2 scrolls of enchant weapon
Potions
 d - 2 potions of might
 h - a potion of heal wounds
 i - a potion of curing


   Skills:
 + Level 3.9 Fighting
 + Level 3.0 Axes
 * Level 4.3 Armour
 + Level 1.1 Dodging
 + Level 4.0 Shields


You had 2 spell levels left.
You didn't know any spells.
Your spell library was empty.

Dungeon Overview and Level Annotations

Branches:
Dungeon (2/15)

Altars:

Shops:
D:2 (

Annotations:
D:2 Sigmund


Innate Abilities, Weirdness & Mutations

You have a pair of horns on your head.
You reflexively headbutt those who attack you in melee.


Message History

You block the goblin's attack.
You barely miss the goblin. The goblin hits you but does no damage.
You hit the goblin.
You kill the goblin!
A magic dart appears from out of thin air!
The magic dart hits you but does no damage.
No target in view!
No target in view!
No target in view!
No target in view!
No target in view!
No target in view!
No target in view!
No target in view!
No target in view!
No target in view!
No target in view!
Unknown command.
Something hits you but does no damage.
You see here a quokka corpse.
You closely miss something. Something hits you but does no damage.
You closely miss something.
You hear some strange, mumbled words.
A magic dart appears from out of thin air!
The magic dart hits you.
You closely miss something. Something hits you.
You miss something. Your headbutt misses something. Something hits you.
You slash something! Your headbutt misses something. Something hits you!
You hit something. Something hits you!
* * * LOW HITPOINT WARNING * * *
You miss something.
You hear some strange, mumbled words.
A magic dart appears from out of thin air!
The magic dart hits you.
* * * LOW HITPOINT WARNING * * *
You hit something. You headbutt something.
You hear some strange, mumbled words.
A magic dart appears from out of thin air!
The magic dart hits you.
You die...

##############
#......[.....#
#.##########.# #.#
#.# #.# #.#
###.##########.####
#).@).#...........#
#..{..#...........#
#.....#...........#
#.....#[..........#
#.....#..........†##
#.....##............
#.....##>...........
#.....#.............
.############


There were no monsters in sight!

Vanquished Creatures
  An adder (D:2)
  2 worms
  2 bats (D:2)
  4 endoplasms (D:1)
  A giant cockroach (D:2)
  4 goblins
  7 hobgoblins
  2 quokkas
  2 ball pythons (D:1)
  A rat (D:1)
26 creatures vanquished.

Notes
Turn   | Place    | Note
-------+----------+-------------------------------------------
     0 | D:1      | qeuew the Minotaur Fighter began the quest for the Orb.
     0 | D:1      | Reached XP level 1. HP: 19/19 MP: 0/0
   108 | D:1      | Reached XP level 2. HP: 27/27 MP: 1/1
   827 | D:2      | Reached XP level 3. HP: 33/33 MP: 2/2
   827 | D:2      | Found Lonetorch's Antique Weapon Shop.
   836 | D:2      | Reached skill level 1 in Dodging
   887 | D:2      | Noticed Sigmund
   901 | D:2      | Killed from afar by Sigmund

Illustrated notes

Levels and vault maps discovered:
D:1:      lordsloth_arrival_two_stooges, layout_basic, minmay_misc_feat_x,
          nicolae_wormholes
D:2:      layout_basic, serial_shops, shop_fountains,
          shapermc_ecumenical_altar_gd, uniq_sigmund

Skill      XL: |  1  2  3 |
---------------+----------+-----
Armour         | 4 |  4.3
Axes           | 3 |  3.0
Dodging        | 1 |  1.1
Shields        | 4 |  4.0
Fighting       | |  3.9

Action                     || total
---------------------------++-------
  Melee: War axe           ||    50
         Headbutt          ||     7
    Use: Scroll            ||     4
         Potion            ||     4
 Armour: Scale mail        ||    23
  Dodge: Dodged            ||    24
  Block: Buckler           ||     9
